federico, lawful female human Samurai ----------- |....*+...| ...---- |....%....|---- |......0| |....%..^.-...| --.......--- |.......[.|%| | ...........| |.........|.| ...H.|.|.--- -----------%| ...@.|.|.| ...%...%.| ---...--|.----------- |.------- |....0..|.....|.....| |...| |.-----.|.|..0---.|.-----.| ...|.......|.......| ------------------- federico the Kunoichi Experience level: 9 Strength: 15 Dexterity: 18 Constitution: 18 Intelligence: 14 Wisdom: 8 Charisma: 7 Health: 0(84) Energy: 17(32) AC: 10 Gold: 443 Moves: 2801 Your Inventory: Coins $ - 443 gold pieces Weapons a - an uncursed +0 katana b - an uncursed +3 wakizashi c - an uncursed +0 yumi (alternate weapon; not wielded) d - 36 uncursed +0 ya (in quiver) n - 13 [cursed -1] thirsty crossbow bolts Comestibles g - an [uncursed] fortune cookie m - 2 [uncursed] candy bars q - an [uncursed] lizard corpse r - 5 [uncursed] gunyoki z - an [uncursed] sprig of wolfsbane Scrolls R - a [cursed] unlabeled scroll [of blank paper] S - 3 [uncursed] unlabeled scrolls [of blank paper] Y - an [uncursed] scroll labeled PRIRUTSENIE [of confuse monster] Z - an [uncursed] scroll of teleportation Spellbooks O - an [uncursed] turquoise spellbook [of extra healing] Potions C - a [cursed] clear potion [of unholy water] D - an [uncursed] sky blue potion [of invisibility] E - an [uncursed] cloudy potion [of sickness] Rings x - an uncursed ring of teleport control y - an uncursed ring of cold resistance F - an uncursed ring of stealth (on right hand) T - an uncursed ring of regeneration (on left hand) Wands h - an [uncursed] wand of speed monster [0:5] W - an [uncursed] tin wand [of digging (0:8)] Tools l - a cursed [magic] lamp (lit) t - an [uncursed] towel u - an [uncursed wax] candle w - an [uncursed] magic whistle J - an [uncursed] can of grease [0:19] L - 6 uncursed [tallow] candles N - an [uncursed] key [skeleton key] V - an [uncursed wax] candle Gems i - 2 [uncursed] orange gems [worthless glass] j - 2 [uncursed] red gems [worthless glass] k - 2 [uncursed] yellowish brown gems [worthless glass] A - 2 [uncursed] violet gems [worthless glass] B - an [uncursed] gray stone [luckstone] G - 2 [uncursed] violet gems [amethyst] K - an [uncursed] green gem [worthless glass] M - an [uncursed] black gem [black opal] U - an [uncursed] white gem [worthless glass] Spells known in the end: Name Level Category Fail Memory Your skills at the end: Fighting Skills martial arts [Basic / Master] Weapon Skills short sword [Basic / Expert] long sword [Skilled / Expert] bow [Basic / Expert] Spellcasting Skills Final Attributes: You were piously aligned. Hunger level was 678. Your alignment was 23 / 24. Monster difficulty range was 2 - 11. Level difficulty was 13. You were telepathic. You were stealthy. You regenerated. You were fast. You were lucky (3). You had extra luck. Bad luck did not time out for you. Good luck did not time out for you. You are dead. Vanquished creatures: a large mimic a xorn 3 small mimics an ettin mummy an ogre lord a large cat a cockatrice 3 wolves a panther an orc-captain 2 giant spiders 2 orc mummies 2 dwarf mummies a lizard a blue jelly 2 dust vortices a gnome mummy a water moccasin 2 bugbears a rock piercer 2 yellow lights 2 shriekers 8 gnome lords 3 gnomish wizards a red naga hatchling an elf zombie a paper golem a floating eye 4 dwarves 4 rothes a giant bat 8 orc zombies a werejackal an iguana 2 coyotes a gas spore 2 hobbits 2 large kobolds a cave spider a yellow mold 71 gnomes a gnome zombie 4 geckos 9 jackals 2 kobolds 2 goblins a sewer rat 5 grid bugs 2 lichens 2 kobold zombies 2 newts 177 creatures vanquished. Voluntary challenges: You used a wielded weapon 299 times. You read items or engraved 18 times. You put on armor 1 time. You never genocided any monsters. You never polymorphed an object. You changed form 1 time. You used no wishes. You wrote Elbereth's name 15 times. You never encountered a bones level. You never used any Sokoban shortcuts. Dungeon overview: The Dungeons of Doom: levels 1 to 5 Level 1 a long staircase Level 2 a general store, a fountain Level 3 a potion shop, a fountain Level 4 a fountain stairs to The Gnomish Mines Level 5 a fountain The Gnomish Mines: levels 5 to 13 Level 5 stairs to The Dungeons of Doom Level 8 many shops, a temple, a magic chest, some fountains Level 13 <- You were here History has recorded: On T:1 you entered the Dungeons of Doom to retrieve the Amulet of Yendor! On T:491 you reached level 2 of The Dungeons of Doom. On T:512 you advanced to experience level 2. On T:767 you reached level 3 of The Dungeons of Doom. On T:772 you advanced to experience level 3. On T:837 you advanced to experience level 4. On T:998 you reached level 4 of The Dungeons of Doom. On T:1002 you advanced to experience level 5. On T:1076 you reached level 5 of The Dungeons of Doom. On T:1219 you reached level 1 of The Gnomish Mines. On T:1263 you advanced to experience level 6. On T:1296 you reached level 2 of The Gnomish Mines. On T:1321 you reached level 3 of The Gnomish Mines. On T:1400 you advanced to experience level 7. On T:1422 you reached level 4 of The Gnomish Mines. On T:1634 you advanced to experience level 8. On T:1860 you reached level 5 of The Gnomish Mines. On T:1922 you reached level 6 of The Gnomish Mines. On T:1954 you reached level 7 of The Gnomish Mines. On T:2362 you reached level 8 of The Gnomish Mines. On T:2638 you reached level 9 of The Gnomish Mines. On T:2640 you advanced to experience level 9. Latest messages: You bite the xorn. You hit the xorn. (2x) The xorn hits! (3x) The xorn just misses! [HP-4=64] You bite the xorn. You kill the xorn! The minotaur hits! (2x) The minotaur butts! [HP-30=34] You bite the minotaur. You hit the minotaur. (2x) The minotaur hits! (2x) The minotaur butts! [HP-29=5] The minotaur is suddenly moving faster. The minotaur hits! You return to human form! The minotaur hits! The minotaur butts! The minotaur hits! (2x) The minotaur butts! You die... Final status: Sayonara federico the Samurai... You died in The Gnomish Mines on dungeon level 13 with 8897 points, and 443 pieces of gold, after 2801 moves. You were level 9 with a maximum of 84 hit points when you died.